 Dungeon Crawl Stone Soup version 0.26-a0-651-gb41185065b (webtiles) character file.

Game seed: 6051347740675002076

(classic levelgen) 986 EnegeticOcto the Chopper (level 7, 50/66 HPs)
             Began as a Deep Dwarf Fighter on Oct 30, 2020.
             Quit the game on level 5 of the Dungeon.
             The game lasted 00:01:20 (1440 turns).

EnegeticOcto the Chopper (Deep Dwarf Fighter)       Turns: 1440, Time: 00:01:21

Health: 50/66      AC:  7    Str: 22    XL:     7   Next: 97%
Magic:  11/11 (2)  EV:  8    Int:  8    God:
Gold:   145        SH: 10    Dex: 12    Spells: 6/6 levels left

rFire    . . .     SeeInvis .   a - +0 war axe
rCold    . . .     Faith    .   c - +0 kite shield
rNeg     . . .     Spirit   .   b - +0 scale mail
rPois    .         Reflect  .   (no helmet)
rElec    .         Harm     .   (no cloak)
rCorr    .         Rampage  .   (no gloves)
MR       +....                  (no boots)
Stlth    ..........             (no amulet)
HPRegen  0.00/turn              m - ring of magical power
MPRegen  0.12/turn              (no ring)

@: non-regenerating, glowing
A: damage resistance, heal wounds, sense surroundings 1, no regeneration
a: Heal Wounds


You were on level 5 of the Dungeon.
You visited 1 branch of the dungeon, and saw 5 of its levels.

You collected 145 gold pieces.

Inventory:

Hand Weapons
 a - a +0 war axe (weapon)
Armour
 b - a +0 scale mail (worn)
 c - a +0 kite shield (worn)
Jewellery
 m - a ring of magical power (left hand)
Scrolls
 g - a scroll of enchant armour {unknown}
 h - 3 scrolls of fog {unknown}
 j - 4 scrolls of identify {unknown}
 k - 3 scrolls of fear {unknown}
 l - a scroll of amnesia {unknown}
 n - a scroll of blinking {unknown}
 o - 4 scrolls of teleportation {unknown}
 q - a scroll of remove curse {unknown}
 s - a scroll of noise {unknown}
Potions
 d - a potion of might {@q3}
 e - 2 potions of flight {unknown}
 f - a potion of degeneration {unknown}
 i - a potion of stabbing {unknown}
 p - a potion of ambrosia {unknown}
 r - a potion of haste {unknown}


   Skills:
 + Level 4.5 Fighting
 * Level 6.7 Axes
 + Level 5.5 Armour
 + Level 5.6 Shields


You had 6 spell levels left.
You didn't know any spells.
Your spell library was empty.

Dungeon Overview and Level Annotations

Branches:
Dungeon (5/15)
 Temple: D:4-7

Altars:
Kikubaaqudgha
Xom
Zin

Annotations:
D:4 3 runed translucent doors, emiel's ghost, novice KoCj


Innate Abilities, Weirdness & Mutations

You are resistant to damage.
You can heal yourself by infusing magical energy.
You passively map a small area around you.
You do not regenerate.


Message History

No target in view!
No target in view!
No target in view!
No target in view!
No target in view!
No target in view!
No target in view!
Found a metal-bound book.
r - a white potion A giant cockroach comes into view.
Found 13 gold pieces.
A giant cockroach is nearby!
You block the giant cockroach's attack.
You hit the giant cockroach but do no damage.
You are no longer poisoned.
The giant cockroach closely misses you.
The giant cockroach bites you but does no damage.
Your shield and scale mail prevent you from hitting the giant cockroach.
You block the giant cockroach's attack.
You closely miss the giant cockroach. The giant cockroach barely misses you.
You block the giant cockroach's attack.
You slash the giant cockroach!
You kill the giant cockroach!
No target in view!
No target in view!
No target in view!
You now have 132 gold pieces (gained 13).
Found a stone staircase leading down.
Found 21 arrows.
Found a cloak.
k - 3 scrolls labeled JUGIOTZ GYOGAZ (gained 1)
You now have 145 gold pieces (gained 13).
s - a scroll labeled HAOJ SOEMEWUCZU
o - 4 scrolls labeled RALORU DAUNOLE (gained 1)
j - 3 scrolls labeled IRREUZ LIUD (gained 1)
j - 4 scrolls labeled IRREUZ LIUD (gained 1)
There is a stone staircase leading down here.
Found a short sword.
No target in view!
No target in view!
No target in view!
No target in view!
No target in view!
No target in view!
No target in view!
No target in view!
No target in view!
No target in view!
No target in view!
No target in view!
No target in view!
No target in view!
Found 12 poisoned darts and a robe.
The angel shouts!
The angel lectures the ground at length about proper burial practice.
Found a shimmering altar of Xom and a glowing silver altar of Zin.
You see here a short sword.
A leopard gecko comes into view.
The leopard gecko hisses angrily.
You see here 12 poisoned darts.
A shadow imp comes into view.
The shadow imp picks up a beetle and eats it.
The leopard gecko bites you.
You hit the leopard gecko.
The leopard gecko is lightly wounded.
The leopard gecko bites you.
The angel stares off into space for a moment.
The leopard gecko bites you.
You slash the leopard gecko!
You kill the leopard gecko!
The shadow imp hits you.
The angel hits itself with a +2 sacred scourge of holy wrath!
The angel hits itself but does no damage.
You barely miss the shadow imp. You block the shadow imp's attack. x2
You slash the shadow imp!
You kill the shadow imp!
No reachable target in view!
No reachable target in view!
No reachable target in view!
No reachable target in view!
No reachable target in view!
No reachable target in view!
No reachable target in view!
No reachable target in view!
No reachable target in view!
No reachable target in view!
No reachable target in view!
No reachable target in view!
No reachable target in view!
No reachable target in view!
No reachable target in view!
Search for what [Enter for "aux", or ? for help]? aux Can't find anything matching that.
Search for what [Enter for "aux", or ? for help]? cloaka Can't find anything matching that.
Search for what [Enter for "cloaka", or ? for help]?
Can't find anything matching that.
Unknown command.
Unknown command.
Are you sure you want to abandon this character and quit the game? (Confirm with "yes".)

#..# #.
###..# #..#
*# ###.#
#..# .,
#..>.
##..##..#
#.##.
###).....#
#.. ##
#...#..###
#.** #
####(#.#..#
#. #
##.........#
#
#.....@....#
##.*
#.†#####.[##
....,*
#..#..A#..#
.....##
#._#...#_.#
.......
#..#...#..#
###...
#..#####..#
#.##
#.........#
#. *#
##.......##
# * * , *


You could see an angel (confused).

Vanquished Creatures
  Sigmund (D:4)
  Edmund (D:4)
  A phantom (D:4)
  An ogre (D:4)
  A centaur (D:5)
  A scorpion (D:5)
  An orc wizard (D:4)
  An orc priest (D:4)
  A centaur skeleton (D:4)
  A hound (D:4)
  An iguana (D:4)
  Ijyb (D:4)
  4 worker ants
  3 adders
  3 gnolls (D:4)
  2 shadow imps
  A white imp (D:5)
  An ufetubus (D:5)
  2 oozes (D:5)
  4 leopard geckos
  9 orcs
  5 giant cockroaches
  3 goblins
  3 hobgoblins (D:3)
  2 jackals (D:4)
  2 kobolds (D:3)
  2 quokkas
  A ball python (D:3)
  A frilled lizard (D:3)
60 creatures vanquished.

Vanquished Creatures (others)
  An ogre (D:5)
  A plant (D:4)
  4 withered plants (D:4)
6 creatures vanquished.

Grand Total: 66 creatures vanquished

Notes
Turn   | Place    | Note
-------+----------+-------------------------------------------
     0 | D:1      | EnegeticOcto the Deep Dwarf Fighter began the quest for the
                  | Orb.
     0 | D:1      | Reached XP level 1. HP: 20/20 MP: 1/1
    19 | D:2      | Reached XP level 2. HP: 21/27 MP: 2/2
   217 | D:3      | Reached skill level 3 in Axes
   217 | D:3      | Reached XP level 3. HP: 22/33 MP: 3/3
   236 | D:4      | Noticed Ijyb
   236 | D:4      | Noticed an ogre
   255 | D:4      | Killed an ogre
   255 | D:4      | Reached XP level 4. HP: 42/42 MP: 4/4
   264 | D:4      | Killed Ijyb
   264 | D:4      | Reached skill level 4 in Axes
   279 | D:4      | Reached XP level 5. HP: 49/49 MP: 5/5
   381 | D:4      | Found an ancient bone altar of Kikubaaqudgha.
   561 | D:4      | Noticed a phantom
   574 | D:4      | Reached XP level 6. HP: 53/56 MP: 5/5
   595 | D:4      | Found a runed translucent gate.
   607 | D:4      | Found a runed translucent gate.
   608 | D:4      | Reached skill level 5 in Axes
   609 | D:4      | Found a runed translucent gate.
   693 | D:4      | Noticed emiel's ghost (novice KoCj)
   731 | D:4      | Noticed Sigmund
   764 | D:4      | Killed Sigmund
   764 | D:4      | Reached skill level 5 in Shields
   764 | D:4      | Reached XP level 7. HP: 39/64 MP: 5/5
   843 | D:4      | Noticed Edmund
   904 | D:4      | Killed Edmund
   904 | D:4      | Reached skill level 5 in Armour
   921 | D:4      | Reached skill level 6 in Axes
  1150 | D:5      | Entered Level 5 of the Dungeon
  1427 | D:5      | Noticed an angel
  1428 | D:5      | Found a shimmering altar of Xom.
  1428 | D:5      | Found a glowing silver altar of Zin.
  1440 | D:5      | Quit the game

Illustrated notes

Levels and vault maps discovered:
D:1:      dpeg_arrival_ratfight, layout_rooms
D:2:      layout_basic
D:3:      layout_rooms, uniq_crazy_yiuf_cottage
D:4:      layout_loops_cross, kiku_gazebo_garden_becter,
          gammafunk_ghost_necromancy, minivault_23, sigmund_edmund_badplayer,
          uniq_ijyb
D:5:      layout_rooms, grunt_temple_overflow_order_and_chaos_1,
          overflow_temple_1_default, minmay_misc_feat_four_crosses,
          grunt_dithmenos_shadows

Skill      XL: |  1  2  3  4  5  6  7 |
---------------+----------------------+-----
Axes           | 3 4 5 6 |  6.7
Fighting       | 3 4 |  4.5
Shields        | 4 5 |  5.6
Armour         | 4 5 |  5.5

Action                   |  1- 3 |  4- 6 |  7- 9 || total
-------------------------+-------+-------+-------++-------
Melee: War axe           |    93 |   123 |   127 ||   343
 Abil: Heal Wounds       |     4 |     5 |     6 ||    15
Armor: Scale mail        |    40 |    39 |    42 ||   121
Dodge: Dodged            |    44 |    37 |    33 ||   114
Block: Kite shield       |    59 |    45 |    74 ||   178

Table legend: (Time is in decaauts)
 A = Elapsed time spent in this place.
 B = Non-inter-level travel time spent in this place.
 C = Inter-level travel time spent in this place.
 D = Time resting spent in this place.
 E = Time spent auto-exploring this place.
 F = Levels seen in this place.
 G = Mean time per level.
                   A        B        C        D        E       F      G
               +--------+--------+--------+--------+--------+-----+--------+
         Total |   1555 |   1509 |     46 |      0 |    877 |   5 |  311.0 |
       Dungeon |   1555 |   1509 |     46 |      0 |    877 |   5 |  311.0 |
               +--------+--------+--------+--------+--------+-----+--------+

Top non-repeatable levels by time:
     D:4: 982 daAuts
     D:5: 301 daAuts
     D:3: 144 daAuts
     D:2: 124 daAuts
     D:1: 3 daAuts
